 Dungeon Crawl Stone Soup version 0.21-a0-417-g0adc95b (webtiles) character file.

506 Koleisus the Bolt Thrower (level 6, 0/57 HPs)
             Began as a Troll Wanderer on Nov 3, 2017.
             Slain by a river rat (6 damage)
             ... summoned by Eustachio
             ... on level 4 of the Dungeon.
             The game lasted 00:15:49 (2912 turns).

Koleisus the Bolt Thrower (Troll Wanderer)          Turns: 2912, Time: 00:15:51

Health: 0/57       AC:  5    Str: 22    XL:     6   Next: 97%
Magic:  7/7        EV: 10    Int:  7    God:
Gold:   131        SH:  0    Dex: 11    Spells: 6/7 levels left

rFire    . . .     SeeInvis .   s - +2 quarterstaff (chaos)
rCold    + . .     Gourm    +   (shield currently unavailable)
rNeg     . . .     Faith    .   e - +0 robe
rPois    .         Spirit   .   (helmet restricted)
rElec    .         Reflect  .   (no cloak)
rCorr    .         Harm     .   (gloves unavailable)
MR       +....                  (boots unavailable)
Stlth    +.........             (no amulet)
HPRegen  0.59/turn              g - ring of protection from magic
MPRegen  0.10/turn              q - ring of protection from cold

@: no status effects
A: unfitting armour, claws 3, fast metabolism 3, gourmand, regeneration 1,
shaggy fur 1, tough skin 2
a: no special abilities


You were on level 4 of the Dungeon.
You were very full.

You visited 1 branch of the dungeon, and saw 4 of its levels.

You collected 131 gold pieces.

Inventory:

Hand Weapons
 b - a +0 hand crossbow
 s - a +2 quarterstaff of chaos (weapon)
Missiles
 c - 44 bolts
Armour
 e - a +0 robe (worn)
Jewellery
 g - a ring of protection from magic (left claw)
 q - a ring of protection from cold (right claw)
Wands
 d - a wand of random effects (14/48)
Scrolls
 k - a scroll of identify {unknown}
 o - 3 scrolls of remove curse {unknown}
 p - a scroll of noise {unknown}
 r - a scroll of enchant armour {unknown}
 u - a scroll of enchant weapon {unknown}
 w - a scroll of immolation {unknown}
Potions
 h - a potion of might {unknown}
 i - a potion of heal wounds
 m - a potion of mutation {unknown}
 n - a potion of degeneration {unknown}
 t - a potion of resistance {unknown}
 v - a potion of lignification {unknown}
Books
 a - a book of Flames

   Spells                             Type                      Level
   a - Flame Tongue                   Conjuration/Fire             1
   b - Throw Flame                    Conjuration/Fire             2
   c - Conjure Flame                  Conjuration/Fire             3
   d - Inner Flame                    Hexes/Fire                   3
   e - Sticky Flame                   Conjuration/Fire             4
   f - Fireball                       Conjuration/Fire             5
Comestibles
 f - 3 bread rations
 j - 4 fruits
 l - 2 royal jellies
 x - a meat ration


   Skills:
 + Level 2.0 Fighting
 + Level 4.0 Crossbows
 + Level 1.2 Throwing
 + Level 2.1 Dodging
 + Level 0.2 Stealth
 + Level 1.3 Spellcasting
 + Level 2.5 Fire Magic
 + Level 1.3 Evocations


You had 6 spell levels left.
You knew the following spells:

 Your Spells              Type           Power        Failure   Level  Hunger
a - Flame Tongue          Conj/Fire      #....        24%         1    ##.....


Dungeon Overview and Level Annotations

Branches:
Dungeon (4/15)
 Temple: D:4-7

Altars:

Annotations:
D:4 Eustachio


Innate Abilities, Weirdness & Mutations

You are too large for most types of armour.
You have claws for hands.
Your metabolism is lightning-fast.
You like to eat raw meat.
Your natural rate of healing is unusually fast.
You are covered in fur. (AC +1)
You have very tough skin. (AC +2)


Message History

* * * LOW HITPOINT WARNING * * *
The quokka bites you but does no damage.
Something bites you.
* * * LOW HITPOINT WARNING * * *
The bat completely misses you. Eustachio hits you but does no damage.
You closely miss Eustachio.
Eustachio is moderately wounded.
The bat closely misses you.
The quokka bites you but does no damage.
Something bites you but does no damage. The quokka bites you.
* * * LOW HITPOINT WARNING * * *
Eustachio completely misses you. Something bites you but does no damage.
You hit Eustachio.
Eustachio is heavily wounded.
The bat barely misses you.
The quokka bites you but does no damage.
Eustachio hits you with a falchion of holy wrath.
* * * LOW HITPOINT WARNING * * *
Something bites you.
You die...

#.#+#.. ..#.#.# #.#.#.# #.#.#.#
#.#.#.# #.#.#.# #+#### #.#.#.#
#.#.#.# .....# #.#.#.# #.#.#.#
...r.# #.#.#.# #.#.#.#
.....###.#.#.######.#.#.#
...............r@b......#
#.###.##.#.#.#5{@...#.###
#.###.##)#.#.#.######.##########
..(......#.#.#.# #............##
#####.####.#.#.# #.#............
#.# #.#.#.# #.##########.## #.#
#.#.#.. . ..... #.# #.#.#.# ##
#...## #.# #.#.### #...# #.#
#...#


You could see Eustachio, an ufetubus, a quokka and a bat.

Vanquished Creatures
  Sigmund (D:2)
  A jelly (D:3)
  2 orc wizards (D:3)
  Crazy Yiuf (D:2)
  A worker ant (D:4)
  Natasha (thrice) (D:3)
  A hound skeleton (D:4)
  6 adders
  An ooze (D:3)
  2 worms (D:2)
  3 leopard geckos
  6 orcs (D:3)
  4 bats
  5 giant cockroaches
  7 goblins
  9 hobgoblins
  A quokka (D:2)
  3 frilled lizards
  2 kobolds (D:2)
  2 rats (D:2)
61 creatures vanquished.

Notes
Turn   | Place    | Note
-------+----------+-------------------------------------------
     0 | D:1      | Koleisus the Troll Wanderer began the quest for the Orb.
     0 | D:1      | Koleisus set off with: a book of Flames, a +0 hand crossbow, 29 bolts, a wand of random effects (15/48), a +0 robe, 2 bread rations
     0 | D:1      | Reached XP level 1. HP: 19/19 MP: 1/1
    22 | D:1      | Learned a level 1 spell: Flame Tongue
   159 | D:1      | Reached XP level 2. HP: 27/27 MP: 2/2
   687 | D:2      | Reached XP level 3. HP: 33/33 MP: 4/4
   931 | D:2      | Reached skill level 1 in Crossbows
  1413 | D:2      | Noticed Sigmund
  1420 | D:2      | Reached XP level 4. HP: 31/41 MP: 5/5
  1469 | D:2      | Killed Sigmund
  1469 | D:2      | Reached skill level 2 in Crossbows
  1469 | D:2      | Reached XP level 5. HP: 26/48 MP: 6/6
  1593 | D:2      | Found a runed door.
  1597 | D:2      | Noticed Crazy Yiuf
  1772 | D:2      | Killed Crazy Yiuf
  1772 | D:2      | Reached skill level 3 in Crossbows
  2063 | D:3      | Reached XP level 6. HP: 51/55 MP: 7/7
  2144 | D:3      | Noticed Natasha
  2145 | D:3      | Killed Natasha
  2188 | D:3      | Noticed Natasha
  2193 | D:3      | Killed Natasha
  2328 | D:3      | Noticed Natasha
  2334 | D:3      | Killed Natasha
  2399 | D:3      | Reached skill level 4 in Crossbows
  2852 | D:4      | Noticed Eustachio
  2912 | D:4      | Slain by a river rat

Vault maps used:
D:1:      saegor_arrival_simple_d
D:2:      first_bread, serial_bayou, serial_bayou_pond_b, serial_bayou_shore_b,
          serial_bayou_shore_b, serial_bayou_lake_a, serial_bayou_pond_e,
          serial_bayou_crossing, uniq_sigmund, uniq_crazy_yiuf_cottage
D:3:      kennysheep_generic_room_4, uniq_natasha
D:4:      nicolae_overflow_hidden_temple, uniq_eustachio

Skill      XL: |  1  2  3  4  5  6 |
---------------+-------------------+-----
Crossbows      | 1 2 3 4 |  4.0
Dodging        | 2 |  2.1
Fighting       | 2 |  2.0
Throwing       | |  1.2
Stealth        | |  0.2
Spellcasting   | |  1.3
Fire Magic     | |  2.5
Evocations     | |  1.3

Action                   |  1- 3 |  4- 6 || total
-------------------------+-------+-------++-------
Melee: Hand crossbow     |     2 |     1 ||     3
       Quarterstaff      |       |    40 ||    40
 Fire: Hand crossbow     |    93 |    96 ||   189
Evoke: Wand              |       |     1 ||     1
  Eat: Chunk             |    16 |    13 ||    29
       Royal jelly       |       |     1 ||     1
Armor: Robe              |    20 |    64 ||    84
Dodge: Dodged            |    26 |    59 ||    85

Table legend:
 A = Spawn XP
 B = Non-spawn XP
 C = Spawn XP percentage of total XP
 D = Spawn monster count
 E = Non-spawn monster count
 F = Spawn count percentage of total count
 G = Total turns spent on level
                    A         B        C        D         E        F      G
               +---------+---------+-------+---------+---------+-------+---------
         Total |       0 |     723 |   0.0 |       0 |      61 |   0.0 |  2912
               +---------+---------+-------+---------+---------+-------+---------
           D:1 |       0 |      36 |   0.0 |       0 |      19 |   0.0 |   674
           D:2 |       0 |     329 |   0.0 |       0 |      18 |   0.0 |  1369
           D:3 |       0 |     304 |   0.0 |       0 |      22 |   0.0 |   718
           D:4 |       0 |      54 |   0.0 |       0 |       2 |   0.0 |   151
               +---------+---------+-------+---------+---------+-------+---------
